 Dungeon Crawl Stone Soup version 0.31.0-11-ge490571c62 (webtiles) character file.

Game seed: 4766483910286635136

93 qw the Shooter (level 4, -1/22 HPs)
             Began as a Spriggan Hunter on Feb 5, 2024.
             Slain by a gnoll
             ... wielding a +0 whip
              (4 damage)
             ... on level 3 of the Dungeon.
             The game lasted 00:01:19 (1430 turns).

qw the Shooter (Spriggan Hunter)                    Turns: 1430, Time: 00:01:20

Health: -1/22      AC:  5    Str:  7    XL:     4   Next: 36%
Magic:  5/5        EV: 17    Int: 10    God:
Gold:   145        SH:  0    Dex: 20    Spells: 3/3 levels left

rFire   . . .        a - +0 shortbow
rCold   . . .        (shield currently unavailable)
rNeg    . . .        c - +0 robe
rPois   .            (helmet restricted)
rElec   .            i - +2 cloak
rCorr   .            (gloves unavailable)
SInv    +            (boots unavailable)
Will    .....        (no amulet)
Stlth   ++           (no ring)
HPRegen 0.23/turn    (no ring)
MPRegen 0.09/turn

%: no passive effects
@: about to teleport, constricted, very quick
A: very small, no large weapons, unfitting armour, see invisible, speed 3
a: no special abilities


You were on level 3 of the Dungeon.
You visited 1 branch of the dungeon, and saw 3 of its levels.

You collected 145 gold pieces.


Innate Abilities, Weirdness & Mutations

You are very small and have problems with some larger weapons.
You are too small for most types of armour.
You have supernaturally acute eyesight. (SInv)
You cover ground extremely quickly. (Speed+++)


   Skills:
 - Level 1.5 Fighting
 - Level 5.0 Ranged Weapons
 + Level 4.8 Dodging
 - Level 1.5 Stealth


You had 3 spell levels left.
You didn't know any spells.
Your spell library was empty.

Inventory:

Hand Weapons
 a - a +0 shortbow (weapon)
Armour
 c - a +0 robe (worn)
 i - a +2 cloak (worn)
Potions
 b - a potion of ambrosia {unknown}
 d - 2 potions of curing
 f - a potion of heal wounds
 j - a potion of mutation {unknown}
 k - a potion of might {unknown}

Dungeon Overview and Level Annotations

Branches:
Dungeon (3/15)

Altars:
Zin


Message History

The arrow hits the endoplasm.
The endoplasm is lightly wounded.
You shoot an arrow. The arrow hits the gnoll.
The gnoll is lightly wounded.
The gnoll closely misses you.
You shoot an arrow. The arrow closely misses the gnoll.
The gnoll completely misses you.
You shoot an arrow. The arrow hits the gnoll!
The gnoll is almost dead.
The gnoll hits you with a +0 club. The endoplasm completely misses you.
The endoplasm freezes you.
You are frozen.
You shoot an arrow. The arrow hits the gnoll.
You kill the gnoll!
The endoplasm freezes you.
You are frozen.
The ball python bites you. The ball python barely misses you.
You shoot an arrow. The arrow hits the endoplasm.
The endoplasm is severely wounded.
The ball python closely misses you. The ball python grabs you.
The ball python constricts you. The endoplasm closely misses you.
You shoot an arrow.
The arrow completely misses the ball python.
The ball python completely misses you. The ball python constricts you.
The endoplasm freezes you.
You are frozen.
You shoot an arrow.
The arrow barely misses the ball python.
The ball python closely misses you. The ball python constricts you.
The endoplasm hits you but does no damage.
The gnoll hits you with a +0 whip.
You shoot an arrow.
The arrow barely misses the ball python.
The ball python closely misses you. The ball python constricts you.
The gnoll hits you with a +0 whip. The endoplasm misses you.
The ball python barely misses you. The ball python constricts you.
1430 ||| READING scroll of teleportation.
As you read the scroll of teleportation, it crumbles to dust.
You feel strangely unstable. The gnoll hits you with a +0 whip.
You die...

... .... ...
... ..##..
#.... #...#
#g..# #gJ.#
#####@S.#
##...#...#
##........#..
#........(.#
#........#.#
#..<.....#.#
##.......# #
#........#
#........#


You could see 2 gnolls, an endoplasm and a ball python.

Vanquished Creatures
  A gnoll (D:3)
  3 adders
  A ribbon worm (D:2)
  2 dart slugs (D:1)
  2 endoplasms
  2 giant cockroaches
  3 goblins
  3 hobgoblins
  7 jackals
  3 kobolds
  A quokka (D:1)
  6 ball pythons
  4 bats
  4 frilled lizards
  8 rats
50 creatures vanquished.

Notes
Turn   | Place    | Note
-------+----------+-------------------------------------------
     0 | D:1      | qw the Spriggan Hunter began the quest for the Orb.
     0 | D:1      | Reached XP level 1. HP: 10/10 MP: 2/2
     0 | D:1      | 0 ||| qw: Version: 0.3-a-160-g6735b56
     0 | D:1      | 0 ||| qw: Game counter: 6394
     0 | D:1      | 0 ||| qw: Melee chars always use a shield: true
     0 | D:1      | 0 ||| qw: God list: Okawaru
     0 | D:1      | 0 ||| qw: Allow faded altars: false
     0 | D:1      | 0 ||| qw: Do Orc after clearing Dungeon:15 true
     0 | D:1      | 0 ||| qw: Do second Lair branch before Depths: true
     0 | D:1      | 0 ||| qw: Lair rune preference: random
     0 | D:1      | 0 ||| qw: Goals: Normal
     0 | D:1      | 0 ||| PLANNING D:1-11
    99 | D:1      | Reached skill level 3 in Dodging
   214 | D:1      | Reached XP level 2. HP: 14/14 MP: 3/3
   708 | D:1      | Reached XP level 3. HP: 18/18 MP: 4/4
   737 | D:1      | 737 ||| READING scroll labelled RUEMEU GUHI.
   740 | D:1      | 740 ||| READING scroll labelled GOTUIRU PEOMP.
   741 | D:1      | 741 ||| READING 2 scrolls labelled BYFFUEZYPE.
   741 | D:1      | 741 ||| IDENTIFYING bubbling clear potion
   742 | D:1      | 742 ||| READING scroll of identify.
   742 | D:1      | 742 ||| IDENTIFYING white potion
   743 | D:1      | 743 ||| READING scroll labelled URCHER WIAS.
   744 | D:1      | 744 ||| DRINKING 2 lumpy pink potions.
   745 | D:1      | 745 ||| DROPPING scroll of butterflies.
   746 | D:1      | 746 ||| DROPPING potion of degeneration.
   807 | D:2      | 807 ||| FLEEEEING.
   808 | D:2      | 808 ||| FLEEEEING.
   809 | D:2      | 809 ||| FLEEEEING.
   810 | D:2      | 810 ||| FLEEEEING.
   811 | D:2      | 811 ||| FLEEEEING.
   812 | D:2      | 812 ||| FLEEEEING.
   813 | D:2      | 813 ||| FLEEEEING.
   814 | D:2      | 814 ||| FLEEEEING.
   818 | D:2      | 818 ||| STAIRDANCE
   828 | D:2      | 828 ||| STAIRDANCE
   995 | D:2      | Found a glowing silver altar of Zin.
  1078 | D:2      | Reached skill level 5 in Ranged Weapons
  1101 | D:2      | Found a faded altar of an unknown god.
  1173 | D:2      | Reached XP level 4. HP: 22/22 MP: 5/5
  1287 | D:2      | 1287 ||| UPGRADING to +2 cloak.
  1292 | D:2      | 1292 ||| READING scroll labelled JAENTU KUOS.
  1292 | D:2      | 1292 ||| ENCHANTING +0 shortbow.
  1293 | D:2      | 1293 ||| READING scroll labelled ESYWIF RIPHAON.
  1429 | D:3      | HP: 3/22 [gnoll/+0 whip (4)]
  1430 | D:3      | 1430 ||| READING scroll of teleportation.
  1430 | D:3      | Slain by a gnoll

Levels and vault maps discovered:
D:1:      dpeg_arrival_tiny_i, layout_basic, kennysheep_doodads,
          serial_bayou_lake_a
D:2:      layout_rooms, shapermc_ecumenical_altar_ellora, basic_altar
D:3:      layout_rooms

Skill      XL: |  1  2  3 |
---------------+----------+-----
Dodging        | 3 4 |  4.8
Ranged Weapons | 5 |  5.0
Fighting       | |  1.5
Stealth        | |  1.5

Action                     |  1- 3 |  4- 6 || total
---------------------------+-------+-------++-------
   Fire: Shortbow          |   104 |    21 ||   125
    Use: Scroll            |     5 |     3 ||     8
         Potion            |     1 |       ||     1
 Armour: Robe              |     6 |     7 ||    13
  Dodge: Dodged            |    22 |    15 ||    37

Table legend:
 A = Non-vault XP
 B = Vault XP
 C = Vault XP percentage of total XP
 D = Non-vault monster count
 E = Vault monster count
 F = Vault count percentage of total count
                 A         B        C        D         E       F
            +---------+---------+-------+---------+---------+-------
      Total |     133 |       0 |   0.0 |      50 |       0 |   0.0
            +---------+---------+-------+---------+---------+-------
        D:1 |      43 |       0 |   0.0 |      25 |       0 |   0.0
        D:2 |      63 |       0 |   0.0 |      23 |       0 |   0.0
        D:3 |      27 |       0 |   0.0 |       2 |       0 |   0.0
            +---------+---------+-------+---------+---------+-------
